AoeStats
← RedPhosphoru

Arabia

510244052Analyzed
1v1 RM · 2d ago on Sep 30, 2026· 37m 15s· 2 players
Game mode
Random Map
Map size
Tiny (2 player)
Population
200
Speed
Normal
Resources
Standard
Victory
Conquest
Starting age
Dark Age
Ending age
Imperial Age
RankedLock teamsTeams togetherTeam positionsShared explorationLock speedFull tech treeHidden civsTurbo modeCheats
Victory
Defeat
🇺🇸 Spanish · United States
2371
+26
🇨🇳 Japanese · China
2625
-26
RedPhosphoru
10:54 Feudal Age
10:00 Loom
14:44 Castle Age
CNZS_CC
6:43 Loom
7:45 Loom
10:08 Feudal Age
10:13 Man-at-Arms
10:41 Double-Bit Axe
10:55 Arson
19:14 Castle Age
17:17 Fletching
19:55 Bodkin Arrow
22:59 Elite Skirmisher
Connection lost

Rejoining the realm…

Still unreachable

The connection could not be restored.

Session expired

The server has moved on; the page needs a fresh start.